 Dungeon Crawl Stone Soup version 0.31-a0-728-g01b46875f1 (webtiles) character file.

Game seed: 5491665993206284069

9184 Newt the Protected (level 11, -2/72 HPs)
             Began as a Gargoyle Fighter on Sept 11, 2023.
             Was an Initiate of Gozag.
             Slain by an unseen horror (4 damage)
             ... on level 11 of the Dungeon.
             The game lasted 00:11:45 (12635 turns).

Newt the Protected (Gargoyle Fighter)              Turns: 12635, Time: 00:11:45

Health: -2/72      AC: 18    Str: 31    XL:     11   Next: 42%
Magic:  11/11      EV: 10    Int: 10    God:    Gozag
Gold:   301        SH:  0    Dex: 13    Spells: 10/10 levels left

rFire   . . .        K - +2 whip (freeze)
rCold   . . .        c - +1 buckler
rNeg    + . .        I - +1 ring mail "Hoed Aku" {Dex+4}
rPois   ∞            (no helmet)
rElec   +            e - +0 cloak
rCorr   .            (no gloves)
SInv    .            (no boots)
Will    .....        L - amulet "Naca" {Reflect Int+2 SH+5} Stlth
                     q - +6 ring of strength
HPRegen 0.32/turn    (no ring)
MPRegen 0.12/turn

%: reflection
@: confused, ambrosia-drunk, studying Poison Magic
A: sickness immunity, AC +8, negative energy resistance 1, electricity
resistance, torment resistance 1, petrification resistance, talons 1, no potion
heal 1
a: Renounce Religion, Potion Petition, Call Merchant, Bribe Branch


You were on level 11 of the Dungeon.
You worshipped Gozag.
Gozag was aware of your devotion.
You visited 2 branches of the dungeon, and saw 12 of its levels.
You also visited: Sewer.

You collected 1060 gold pieces.
You spent 618 gold pieces at shops.
You paid 141 gold pieces to Gozag.

Inventory:

Hand Weapons
 a - a +0 flail
 d - a +2 whip of pain
 l - a +0 whip
 y - a +0 flail of protection
 E - a +6 scimitar
 K - a +2 whip of freezing (weapon)
Missiles
 h - 33 poisoned darts (quivered)
 r - 8 boomerangs
 w - 2 throwing nets
Armour
 b - a +0 scale mail
 c - a +1 buckler (worn)
 e - a +0 cloak (worn)
 I - the +1 ring mail "Hoed Aku" (worn) {Dex+4}
   (You found it on level 9 of the Dungeon)

   Dex+4:     It affects your dexterity (+4).
 J - a +0 ring mail of cold resistance
Jewellery
 q - a +6 ring of strength (left hand)
 H - a ring of ice
 L - the amulet "Naca" (around neck) {Reflect Int+2 SH+5}
   (You bought it in a shop on level 9 of the Dungeon)

   [amulet of reflection]

   Reflect:   It reflects blocked missile attacks.
   Int+2:     It affects your intelligence (+2).
   SH+5:      It affects your SH (+5).
Wands
 u - a wand of flame (32)
 v - a wand of iceblast (11)
 D - a wand of mindburst (10)
 M - a wand of paralysis (4)
Scrolls
 i - 4 scrolls of teleportation
 t - a scroll of amnesia
 z - a scroll of immolation
 A - 2 scrolls of enchant weapon
 B - 2 scrolls of identify
 C - a scroll of fear
 F - a scroll of blinking
 G - a scroll of silence
 N - a scroll of vulnerability
Potions
 f - a potion of lignification
 j - 2 potions of attraction
 k - a potion of brilliance
 m - 2 potions of haste
 n - 3 potions of resistance
 o - a potion of magic
 p - a potion of mutation
 s - 3 potions of enlightenment


   Skills:
 - Level 10.0 Fighting
 - Level 8.0 Maces & Flails
 + Level 12.6 Armour
 - Level 6.0 Shields
 - Level 5.0 Evocations


You had 10 spell levels left.
You didn't know any spells.
Your spell library contained the following spells:

 Spells                   Type           Power      Damage    Failure   Level
 Apportation              Tloc           0%         N/A       50%         1
 Jinxbite                 Hex            0%         N/A       63%         2
 Scorch                   Fire           0%         2d5       63%         2
 Tukima's Dance           Hex            0%         N/A       86%         3
 Dimensional Bullseye     Hex/Tloc       0%         N/A       99%         4
 Flame Wave               Conj/Fire      0%         2d4       99%         4
 Iskenderun's Mystic Bla  Conj/Tloc      0%         2d3       99%         4
 Alistair's Intoxication  Tmut/Pois      0%         N/A       100%        5
 Summon Cactus Giant      Summ           0%         N/A       100%        6


Dungeon Overview and Level Annotations

Branches:
Dungeon (11/15)            Temple (1/1) D:5            Lair (0/5) D:8
  Sewer (visited)
    Orc: D:9-12

Altars:
Ashenzari
Cheibriados
Dithmenos
Elyvilon
Fedhas
Gozag
Hepliaklqana
Kikubaaqudgha
Makhleb
Nemelex Xobeh
Okawaru
Qazlal
Ru
Sif Muna
Trog
Uskayaw
Vehumet
Wu Jian
Xom
Yredelemnul
Zin
The Shining One

Shops:
D:9 =


Innate Abilities, Weirdness & Mutations

You are immune to sickness and miasma.
Your stone body is resilient. (AC +8)
You are immune to poison.
You resist negative energy. (rN+)
You are resistant to electric shocks. (rElec)
You are resistant to unholy torment.
You are immune to petrification.
You have sharp toenails.
Potions are less effective at restoring your health.


Message History

Unknown command.
Something hits you but does no damage. Something hits you but does no damage.
You see here 4 gold pieces.
You bump into the stone wall.
Something hits you but does no damage. Something hits you but does no damage.
There is an open door here.
You feel less invigorated.
You feel less confused.
Something hits you but does no damage. x2
You hit something but do no damage. You claw something.
Something hits you but does no damage. Something hits you!
* * * LOW HITPOINT WARNING * * *
You closely miss something. You block something's attack.
Something hits you but does no damage. Something hits you.
* * * LOW HITPOINT WARNING * * *
There is an open door here.
You see here 4 gold pieces.
Something hits you.
* * * LOW HITPOINT WARNING * * *
You see here 15 gold pieces.
You block something's attack.
You swing at nothing.
You swing at nothing.
Something hits you.
* * * LOW HITPOINT WARNING * * *
You hit something. You freeze something. You claw something.
Something hits you but does no damage. Something hits you.
* * * LOW HITPOINT WARNING * * *
You closely miss something. Your kick misses something.
Something hits you but does no damage.
You closely miss something. Something hits you but does no damage.
Something hits you.
* * * LOW HITPOINT WARNING * * *
You are confused.
Your system partially rejects the healing.
You feel invigorated. Something hits you.
You die...
Your body crumbles into a pile of gold.

########################
.......................#
############.........##
###...###'#..#
###...###.$## .#
#######...###.$#$# #
........###..#.#@#
.....####..# #.#.#
...### .# #.#.# .###
#.#.# ## #.#.# ..#.# ..#
###


There were no monsters in sight!

Vanquished Creatures
  Erolcha (D:9)
  2 two-headed ogres
  Pikel (D:9)
  Maggie (D:9)
  A komodo dragon (D:10)
  4 trolls
  Prince Ribbit (D:5)
  A wyvern (D:9)
  2 wraiths (D:10)
  Grum (D:8)
  A yak (D:11)
  2 shadows
  A steam dragon (D:3)
  3 vampire mosquitoes (D:10)
  2 water moccasins
  3 orc warriors
  A sky beast (D:8)
  3 centaurs
  4 wolves
  3 ogres
  2 lemures (D:9)
  A phantom (D:7)
  6 kobold brigands
  3 scorpions
  A bullfrog (D:8)
  4 wights
  4 killer bees (D:9)
  3 howler monkeys (D:7)
  2 hounds
  2 gnoll boudas
  2 jellies
  9 orc priests
  3 sleepcaps
  4 iguanas
  9 orc wizards
  12 gnolls
  14 adders
  3 river rats (Sewer)
  A shadow imp (D:8)
  A white imp (D:6)
  5 worms
  41 orcs
  10 ball pythons
  5 endoplasms
  6 giant cockroaches
  8 goblins
  8 hobgoblins
  4 jackals (D:3)
  2 quokkas
  7 bats
  7 frilled lizards
  19 kobolds
  9 rats
255 creatures vanquished.

Vanquished Creatures (others)
  A kobold (D:3)
  A butterfly (D:3)
2 creatures vanquished.

Grand Total: 257 creatures vanquished

Notes
Turn   | Place    | Note
-------+----------+-------------------------------------------
     0 | D:1      | Newt the Gargoyle Fighter began the quest for the Orb.
     0 | D:1      | Reached XP level 1. HP: 14/14 MP: 1/1
   153 | D:1      | Reached XP level 2. HP: 20/20 MP: 2/2
   383 | D:1      | Reached XP level 3. HP: 22/24 MP: 3/3
   843 | D:2      | Reached skill level 5 in Fighting
   934 | D:2      | Reached XP level 4. HP: 17/31 MP: 4/4
  1377 | D:3      | Found a glowing drain.
  1415 | Sewer    | Entered a sewer
  1432 | Sewer    | Noticed a kobold brigand
  1437 | Sewer    | Killed a kobold brigand
  1438 | Sewer    | Reached XP level 5. HP: 29/35 MP: 5/5
  1676 | Sewer    | Reached skill level 5 in Maces & Flails
  1676 | Sewer    | Reached XP level 6. HP: 40/40 MP: 6/6
  1753 | Sewer    | Reached skill level 4 in Armour
  1956 | D:3      | You fall into a shaft and drop 3 floors!
  1978 | D:6      | Noticed a water moccasin
  1995 | D:6      | Reached skill level 5 in Armour
  2005 | D:6      | Killed a water moccasin
  2006 | D:6      | Reached XP level 7. HP: 29/44 MP: 7/7
  2010 | D:6      | Reached skill level 6 in Armour
  2023 | D:5      | Entered Level 5 of the Dungeon
  2733 | D:5      | Noticed Prince Ribbit
  2747 | D:5      | Killed Prince Ribbit
  2748 | D:5      | Reached XP level 8. HP: 31/53 MP: 8/8
  3226 | D:5      | Found a staircase to the Ecumenical Temple.
  3237 | Temple   | Entered the Ecumenical Temple
  3403 | D:3      | Reached skill level 5 in Shields
  3482 | D:3      | Found a white marble altar of Elyvilon.
  4070 | D:3      | Gained mutation: Potions are less effective at restoring
                  | your health. [potion of mutation]
  4070 | D:3      | Gained mutation: You have sharp toenails. [potion of
                  | mutation]
  5697 | D:6      | Reached XP level 9. HP: 37/60 MP: 9/9
  6082 | D:6      | Reached skill level 10 in Fighting
  6444 | D:6      | Found a snail-covered altar of Cheibriados.
  7191 | D:7      | Found a shimmering blue altar of Sif Muna.
  7252 | D:7      | Found a sacrificial altar of Ru.
  7684 | D:8      | Noticed Grum
  8138 | D:8      | Found an opulent altar of Gozag.
  8142 | D:8      | Became a worshipper of Gozag Ym Sagoz the Greedy
  8146 | D:8      | Found a stormy altar of Qazlal.
  8151 | D:8      | Found a glowing golden altar of the Shining One.
  8222 | D:8      | HP: 2/62 [orc warrior/+0 dire flail (9)]
  8336 | D:8      | Found a staircase to the Lair.
  8342 | D:8      | Reached skill level 7 in Armour
  8502 | D:7      | Reached XP level 10. HP: 45/68 MP: 10/10
  8843 | D:8      | Reached skill level 8 in Armour
  8857 | D:8      | Killed Grum
  9403 | D:8      | Reached skill level 9 in Armour
  9607 | D:8      | Noticed a two-headed ogre
  9622 | D:8      | Killed a two-headed ogre
  9759 | D:8      | Found a broken altar of Ashenzari.
  9936 | D:9      | Noticed Erolcha
  9957 | D:9      | Killed Erolcha
  9958 | D:9      | Reached skill level 10 in Armour
 10158 | D:9      | Found Tutia's Jewellery Boutique.
 10257 | D:9      | Found a burning altar of Makhleb.
 10335 | D:9      | Found an ornate altar of the Wu Jian Council.
 10347 | D:9      | Found a hazy altar of Hepliaklqana.
 10363 | D:9      | Identified the +1 ring mail "Hoed Aku" {Dex+4}
 10539 | D:9      | Noticed Maggie
 10549 | D:9      | Killed Maggie
 10789 | D:9      | Noticed Pikel
 10812 | D:9      | Killed Pikel
 10813 | D:9      | Reached skill level 5 in Evocations
 10886 | D:9      | Found a hide-covered altar of Uskayaw.
 11078 | D:9      | Reached XP level 11. HP: 66/72 MP: 11/11
 11244 | D:9      | Bought the amulet "Naca" {Reflect Int+2 SH+5} for 618 gold
                  | pieces
 11258 | D:10     | Entered Level 10 of the Dungeon
 11365 | D:10     | Reached skill level 11 in Armour
 11692 | D:10     | Found an iron altar of Okawaru.
 12379 | D:11     | Noticed a two-headed ogre
 12392 | D:11     | Killed a two-headed ogre
 12393 | D:11     | Reached skill level 12 in Armour
 12610 | D:11     | HP: 1/72 [something (9)]
 12634 | D:11     | HP: 1/72 [something (6)]
 12635 | D:11     | Slain by an unseen horror

Illustrated notes

Levels and vault maps discovered:
D:1:      matt_arrival_refuge, layout_basic
D:2:      kennysheep_big_flooded_room, layout_rooms, minmay_misc_feat_room
D:3:      layout_loops_ring, nicolae_elyvilon_peaceful_grove,
          cheibrodos_sewer_entry_bend, kennysheep_donut
D:4:      layout_cave_pools
D:5:      lemuel_ice_spiral_2, layout_basic,
          minmay_temple_entry_statues_pillars, nrook_mini_vaults,
          lexackson_kobold_supper, uniq_prince_ribbit1
D:6:      cheibrodos_thug_alley, layout_loops_ring, lemuel_tele_altar,
          minmay_manual_monolith
D:7:      layout_basic, mainiacjoe_overflow_brackets,
          nicolae_overflow_crystal_walls, minmay_misc_feat_tiny
D:8:      layout_gridville, evilmike_ruin_ashenzari,
          grunt_temple_overflow_diamond, lair_entry_dummy, uniq_grum
D:9:      layout_loops_corners, nicolae_overflow_macrodata_refinement,
          serial_shops, shop, uniq_erolcha, uniq_pikel, uniq_maggie
D:10:     layout_roguey, mainiacjoe_overflow_24_doors
D:11:     minmay_the_grid_triangle_9x9_rhombus_full
          [minmay_the_grid_triangle_9x9_corrupted_corridor,
          minmay_the_grid_triangle_9x9_semitri,
          minmay_the_grid_triangle_9x9_flanged_cone,
          minmay_the_grid_triangle_9x9_shrine,
          minmay_the_grid_triangle_9x9_zippers_vertical,
          minmay_the_grid_triangle_9x9_intruding_spiral,
          minmay_the_grid_triangle_9x9_descending_squares,
          minmay_the_grid_triangle_9x9_prize_center], layout_rooms,
          feat_on_display
Temple:   grunt_temple_mini_profane

Skill      XL: |  1  2  3  4  5  6  7  8  9 10 11 |
---------------+----------------------------------+-----
Fighting       | 4 5 7 9 10 | 10.0
Maces & Flails | 4 5 8 |  8.0
Armour         | 5 6 7 10 12 | 12.6
Shields        | 6 |  6.0
Evocations     | 5 |  5.0

Action                     |  1- 3 |  4- 6 |  7- 9 | 10-12 || total
---------------------------+-------+-------+-------+-------++-------
  Melee: Flail             |   141 |   217 |   150 |       ||   508
         Whip              |       |       |   414 |   330 ||   744
         Kick              |       |       |    98 |   110 ||   208
  Throw: Throwing net      |       |       |     2 |     2 ||     4
         Dart              |       |       |       |     5 ||     5
  Evoke: Wand              |       |       |       |     3 ||     3
    Use: Scroll            |     1 |     5 |    14 |     2 ||    22
         Potion            |       |     1 |    10 |     3 ||    14
   Stab: Distracted        |     1 |       |       |       ||     1
 Armour: Scale mail        |   139 |   158 |   384 |    88 ||   769
         Ring mail         |       |       |       |   136 ||   136
  Dodge: Dodged            |   109 |    96 |   241 |   110 ||   556
  Block: Buckler           |    35 |    36 |   120 |   105 ||   296

Table legend: (Time is in decaauts)
 A = Elapsed time spent in this place.
 B = Non-inter-level travel time spent in this place.
 C = Inter-level travel time spent in this place.
 D = Time resting spent in this place.
 E = Time spent auto-exploring this place.
 F = Levels seen in this place.
 G = Mean time per level.
                   A        B        C        D        E       F      G
               +--------+--------+--------+--------+--------+-----+--------+
         Total |  12672 |  12269 |    403 |   2999 |   7058 |  13 |  974.8 |
       Dungeon |  12065 |  11663 |    402 |   2999 |   6716 |  11 | 1096.8 |
        Temple |      1 |      0 |      1 |      0 |      0 |   1 |    1.0 |
         Sewer |    605 |    605 |      0 |      0 |    341 |   1 |  605.0 |
               +--------+--------+--------+--------+--------+-----+--------+

Top non-repeatable levels by time:
     D:8: 1962 daAuts
     D:5: 1689 daAuts
     D:6: 1591 daAuts
     D:9: 1307 daAuts
     D:3: 1292 daAuts
    D:10: 1105 daAuts
     D:1: 861 daAuts
     D:7: 832 daAuts
     D:4: 682 daAuts
   Sewer: 605 daAuts
     D:2: 503 daAuts
    D:11: 238 daAuts
  Temple: 1 daAuts
